 Dungeon Crawl Stone Soup version 0.31.0-32-g396128a36d (webtiles) character file.

Game seed: 15653262800390375027

1585 mainiacjoe the Reanimator (level 8, -17/55 HPs)
             Began as an Octopode Necromancer on Mar 30, 2024.
             Killed from afar by a steam dragon (18 damage)
             ... with a ball of steam
             ... on level 6 of the Dungeon.
             The game lasted 00:18:02 (6453 turns).

mainiacjoe the Reanimator (Octopode Necromancer)    Turns: 6453, Time: 00:18:03

Health: -17/55     AC:  1    Str:  8    XL:     8   Next: 92%
Magic:  5/11       EV: 20    Int: 19    God:
Gold:   69         SH:  0    Dex: 12    Spells: 6/11 levels left

rFire   . . .        x - +0 rapier (holy)
rCold   . . .        (no shield)
rNeg    + . .        (helmet restricted)
rPois   .            (no amulet)
rElec   .            n - ring of positive energy
rCorr   .            o - +5 ring of evasion
SInv    .            (no ring)
Will    .....        (no ring)
Stlth   ++++         (no ring)
HPRegen 0.29/turn    (no ring)
MPRegen 0.12/turn    (no ring)
                     (no ring)

%: no passive effects
@: animating dead
A: almost no armour, amphibious, 8 rings, camouflage 1, gelatinous body 1,
(nimble swimmer 1), tentacles
a: no special abilities


You were on level 6 of the Dungeon.
You visited 1 branch of the dungeon, and saw 6 of its levels.

You collected 229 gold pieces.
You spent 160 gold pieces at shops.

Inventory:

Hand Weapons
 a - the +1 quarterstaff "Murmur" {protect, *Slow rCorr Str+6 Int+3}
   (You found it on level 4 of the Dungeon)

   Str+6:     It affects your strength (+6).
   Int+3:     It affects your intelligence (+3).
   rCorr:     It protects you from acid and corrosion.
   *Slow:     It may slow you when you take damage.
 b - a +1 sling of flaming
 d - a +0 dagger
 p - a +0 spear
 u - a +0 trident
 v - a +1 short sword of venom
 x - a +0 rapier of holy wrath (weapon)
Missiles
 c - 37 stones
 f - 5 javelins
 h - 9 poisoned darts
 j - 3 boomerangs
Magical Staves
 y - a staff of death
Jewellery
 n - a ring of positive energy (left tentacle)
 o - a +5 ring of evasion (right tentacle)
Wands
 r - a wand of roots (17)
Scrolls
 i - a scroll of revelation
 k - 2 scrolls of teleportation
 q - a scroll of fear
 w - a scroll of vulnerability
 A - a scroll of immolation
Potions
 e - 2 potions of might
 g - a potion of magic
 l - 2 potions of haste
 m - a potion of brilliance
 s - 4 potions of curing
 t - 2 potions of heal wounds
 z - a potion of invisibility


   Skills:
 + Level 5.1 Fighting
 + Level 5.6 Dodging
 - Level 6.0 Stealth
 - Level 2.0 Spellcasting
 - Level 8.0 Necromancy


You had 6 spell levels left.
You knew the following spells:

 Your Spells              Type           Power      Damage    Failure   Level
a - Necrotise             Necr           100%       1d9       1%          1
b - Animate Dead          Necr           32%        N/A       6%          4

Your spell library contained the following spells:

 Spells                   Type           Power      Damage    Failure   Level
 Sublimation of Blood     Necr           32%        N/A       1%          2
 Fugue of the Fallen      Necr           32%        N/A       1%          3
 Vampiric Draining        Necr           32%        2d8       1%          3
 Curse of Agony           Necr           32%        N/A       17%         5
 Blink                    Tloc           2%         N/A       26%         2
 Ensorcelled Hibernation  Hex/Ice        2%         N/A       26%         2
 Lesser Beckoning         Tloc           2%         N/A       26%         2
 Momentum Strike          Conj/Tloc      2%         3d8       26%         2
 Static Discharge         Conj/Air       2%         3-4/arc   26%         2
 Anguish                  Hex/Necr       8%         N/A       32%         4
 Dazzling Flash           Conj/Hex       2%         N/A       45%         3
 Mephitic Cloud           Conj/Alch/Air  1%         N/A       45%         3
 Airstrike                Air            0%         2d(1-17)  86%         4
 Petrify                  Alch/Erth      1%         N/A       86%         4
 Summon Lightning Spire   Summ/Air       1%         N/A       86%         4
 Irradiate                Conj/Alch      0%         3d11      99%         5
 Silence                  Hex/Air        0%         N/A       99%         5


Dungeon Overview and Level Annotations

Branches:
Dungeon (6/15)
 Temple: D:4-7

Altars:
Ashenzari
Hepliaklqana
Qazlal
Ru
Vehumet
Xom
Yredelemnul

Shops:
D:3 ?   D:4 (!

Annotations:
D:2 1 runed translucent door, Crazy Yiuf


Innate Abilities, Weirdness & Mutations

You cannot wear most types of armour.
You are amphibious.
You can wear up to eight rings at the same time.
Your skin changes colour to match your surroundings (Stealth+).
Your rubbery body absorbs attacks. (AC +1, EV +1)
((You are camouflaged when in or above water. (Stealth+)))
You have tentacles for arms and can constrict up to eight enemies at once.


Message History

The dead are crawling!
You feel sick. The steam dragon breathes steam at you.
The ball of steam hits you!
The ball of steam hits your scorpion zombie.
Casting: Necrotise (safe; 1% risk of failure)
Confirm with . or Enter, or press ? or * to list all spells.
Aiming: Necrotise (safe; 1% risk of failure)
Press: ? - help, Shift-Dir - straight line, f - steam dragon
Aim: a steam dragon (catching its breath, ally target, chance to affect: 83%)
The steam dragon barely resists.
You are engulfed in a cloud of scalding steam.
You feel sick.
Your scorpion zombie is engulfed in a cloud of scalding steam.
You hit the steam dragon.
You tentacle-slap the steam dragon, but do no damage.
The steam dragon is lightly wounded.
You are engulfed in a cloud of scalding steam.
You feel sick. The steam dragon closely misses you. The steam dragon claws you.
Your scorpion zombie is engulfed in a cloud of scalding steam.
You hit the steam dragon but do no damage.
Your squeeze misses the steam dragon.
The steam dragon is lightly wounded.
You are engulfed in a cloud of scalding steam.
* * * LOW HITPOINT WARNING * * *
You feel sick. The steam dragon misses you. The steam dragon claws you.
* * * LOW HITPOINT WARNING * * *
Your scorpion zombie is engulfed in a cloud of scalding steam.
Unknown command.
You swap places.
You are engulfed in a cloud of scalding steam.
* * * LOW HITPOINT WARNING * * *
x2 You feel sick.
The steam dragon bites your scorpion zombie!
Your scorpion zombie is destroyed!
* * * LOW HITPOINT WARNING * * *
You feel sick.
You are no longer poisoned.
The steam dragon breathes steam at you. The ball of steam hits you!!
You die...

#.......# #.# #J....# #.
##...## #### #.....# ##
#.>. ##.D.## #.##.##
##s######.#.#.
#...##.......#
############.##<.##.#.##
.......@§§DJ.....##.....
##############...##.###.
##.###.# . #.....#
#......... ##########


There were no monsters in sight!

Vanquished Creatures
  A wyvern (D:4)
  An ice beast (D:6)
  An orc warrior (D:4)
  2 ogres
  A centaur (D:4)
  2 phantoms (D:5)
  4 scorpions
  A jelly (D:4)
  3 bombardier beetles
  2 orc priests
  2 hounds (D:5)
  Jessica (D:3)
  An iguana (D:5)
  5 orc wizards
  Robin (D:3)
  6 adders
  4 dart slugs
  2 ribbon worms
  22 orcs
  12 endoplasms
  4 giant cockroaches
  13 goblins
  8 hobgoblins
  2 jackals (D:2)
  5 quokkas
  7 ball pythons
  2 bats
  3 frilled lizards
  6 kobolds
  6 rats
130 creatures vanquished.

Vanquished Creatures (collateral kills)
  An adder (D:3)
  A dart slug (D:3)
  An orc (D:3)
  2 jackals (D:2)
  A frilled lizard (D:3)
6 creatures vanquished.

Vanquished Creatures (others)
  A scorpion zombie (D:6)
  A ball python zombie (D:3)
  2 endoplasm zombies (D:3)
  A goblin zombie (D:3)
  A hobgoblin zombie (D:3)
  An orc zombie (D:3)
7 creatures vanquished.

Grand Total: 143 creatures vanquished

Notes
Turn   | Place    | Note
-------+----------+-------------------------------------------
     0 | D:1      | mainiacjoe the Octopode Necromancer began the quest for the
                  | Orb.
     0 | D:1      | Reached XP level 1. HP: 11/11 MP: 3/3
   334 | D:1      | Reached XP level 2. HP: 17/17 MP: 1/5
  1017 | D:2      | Reached XP level 3. HP: 21/21 MP: 0/6
  1541 | D:2      | Found a runed translucent door.
  1542 | D:2      | Noticed Crazy Yiuf
  1682 | D:2      | Found a faded altar of an unknown god.
  1798 | D:2      | Reached skill level 5 in Necromancy
  1930 | D:3      | Reached XP level 4. HP: 15/27 MP: 5/7
  2004 | D:3      | Learned a level 4 spell: Animate Dead
  2285 | D:3      | Found Vomy's Magic Scroll Emporium.
  2300 | D:3      | Bought a scroll of identify for 20 gold pieces
  2300 | D:3      | Bought a scroll of fear for 40 gold pieces
  2331 | D:3      | Noticed Jessica
  2336 | D:3      | Killed Jessica
  2337 | D:3      | Reached XP level 5. HP: 24/31 MP: 6/8
  2682 | D:3      | Reached skill level 5 in Stealth
  2751 | D:3      | Noticed Robin
  2758 | D:3      | Killed Robin
  2759 | D:3      | Reached skill level 6 in Necromancy
  2962 | D:4      | Found a large runed translucent door.
  2962 | D:4      | Found a large runed translucent door.
  2978 | D:4      | Noticed an orc warrior
  3190 | D:4      | Found a large runed translucent door.
  3190 | D:4      | Found a large runed translucent door.
  3230 | D:4      | Reached XP level 6. HP: 36/36 MP: 5/9
  3524 | D:4      | Noticed a wyvern
  3538 | D:4      | Killed a wyvern
  3539 | D:4      | Reached skill level 7 in Necromancy
  3539 | D:4      | Reached XP level 7. HP: 23/41 MP: 2/10
  3830 | D:4      | Identified the +1 quarterstaff "Murmur" {protect, *Slow
                  | rCorr Str+6 Int+3}
  3909 | D:4      | Found Anichali's Antique Weapon Shoppe.
  3917 | D:4      | Reached skill level 1 in Fighting
  4007 | D:4      | Found Ruogis's Distillery.
  4297 | D:5      | Entered Level 5 of the Dungeon
  4303 | D:5      | Reached skill level 8 in Necromancy
  4420 | D:5      | Reached XP level 8. HP: 46/51 MP: 11/11
  4756 | D:4      | Bought 2 potions of heal wounds for 100 gold pieces
  4872 | D:5      | Found a stormy altar of Qazlal.
  4874 | D:5      | Found a sacrificial altar of Ru.
  4876 | D:5      | Found a basalt altar of Yredelemnul.
  4876 | D:5      | Found a broken altar of Ashenzari.
  4876 | D:5      | Found a radiant altar of Vehumet.
  4876 | D:5      | Found a hazy altar of Hepliaklqana.
  4880 | D:5      | Found a shimmering altar of Xom.
  5681 | D:5      | Reached skill level 5 in Dodging
  6174 | D:6      | Reached skill level 5 in Fighting
  6452 | D:6      | HP: 2/55 [steam dragon] (6)]
  6453 | D:6      | Killed from afar by a steam dragon

Illustrated notes

Levels and vault maps discovered:
D:1:      erik_arrival_orb_chamber, layout_loops_ring, hangedman_decor_lopped,
          skrybe_limestone_x
D:2:      layout_loops_ring, dreamdust_ecumenical_altar_hidden_monk_grotto,
          uniq_crazy_yiuf_cottage
D:3:      minmay_octagon_keep, layout_loops_cross, serial_shops, shop,
          uniq_jessica, uniq_robin
D:4:      layout_basic, nicolae_wooded_promenade, minmay_hollow_rounded_squares
D:5:      layout_cave_pods, grunt_temple_overflow_open
D:6:      layout_loops_ring, grunt_ministairs_15, nicolae_figureground_sparkle

Skill      XL: |  1  2  3  4  5  6  7  8 |
---------------+-------------------------+-----
Stealth        | 3 4 5 6 |  6.0
Necromancy     | 5 6 7 8 |  8.0
Fighting       | 2 5 |  5.1
Dodging        | 3 5 |  5.6
Spellcasting   | |  2.0

Action                     |  1- 3 |  4- 6 |  7- 9 || total
---------------------------+-------+-------+-------++-------
  Melee: Dagger            |     9 |       |       ||     9
         Constrict         |     6 |     7 |     6 ||    19
         Tentacles         |     6 |     9 |    18 ||    33
         Unarmed           |     1 |       |       ||     1
         Short sword       |    13 |    42 |     9 ||    64
         Punch             |       |     1 |     2 ||     3
         Quarterstaff      |       |       |    48 ||    48
         Rapier            |       |       |    13 ||    13
   Fire: Sling             |       |     3 |       ||     3
   Cast: Necrotise         |    48 |    63 |    98 ||   209
         Animate Dead      |       |     2 |     1 ||     3
  Evoke: Wand              |       |     3 |     1 ||     4
    Use: Scroll            |     7 |     3 |     5 ||    15
         Potion            |       |     1 |     1 ||     2
   Stab: Sleeping          |     4 |     3 |     2 ||     9
 Armour: Skin              |    10 |    35 |    72 ||   117
  Dodge: Dodged            |    14 |    26 |   129 ||   169
